[Event "Romanian Team Blitz Women 2022"]
[Site "Sebes"]
[Date "2022.12.04"]
[Round "3.4"]
[White "Sariteanu, Sabina"]
[Black "Bulmaga, Irina"]
[Result "0-1"]
[ECO "C39"]
[WhiteElo "1752"]
[BlackElo "2426"]
[Annotator "TA"]
[PlyCount "128"]
[EventDate "2022.12.04"]
[EventType "blitz"]
[EventCountry "ROU"]
[SourceTitle "playchess.com"]
[Source "ChessBase"]
[SourceQuality "1"]
[TimeControl "180+2"]

1. e4 e5 2. f4 exf4 3. Nf3 g5 4. h4 g4 5. Ne5 Nf6 6. Bc4 d5 {[%emt 0:00:01] C39: King's Gambit Accepted: 3 Nf3 g5 4 h4.} 7. exd5 Nxd5 (7... Bd6 $11 8. d4 Nh5) 8. Nc3 (8. Nxg4 Qe7+ 9. Kf1 Rg8 $17) 8... Be6 {[%emt 0:00:19] White is better.} 9. d4 {[%emt 0:00:54] [#] Black must now prevent Bxd5.} (9. Nxg4 $2 Nxc3 10. bxc3 Bxc4 $19) 9... Be7 $146 (9... Nc6 $14 10. Nxd5 Bxd5 11. Nxc6 bxc6 12. Qe2+ Qe7 13. Bxd5 cxd5) ({Predecessor:} 9... Bb4 10. Bd2 Bxc3 11. bxc3 Rg8 12. Qe2 c6 13. Bxd5 cxd5 14. Bxf4 Qe7 15. Qb5+ Nc6 16. Nxc6 bxc6 {½-½ (46) Emilio,J-Ibanez Rico,F Spain 1992}) 10. O-O (10. Nxg4 $2 Nxc3 11. bxc3 Bxh4+ 12. Kf1 Bxc4+ $19) 10... f3 ({Black should play} 10... Nxc3 11. bxc3 Bxc4 12. Nxc4 Qd5) 11. gxf3 $2 ({White has to play} 11. Bxd5 $1 $16 Bxd5 12. Nxg4) 11... g3 $2 (11... Nc6 $1 $11 12. Bxd5 (12. fxg4 Nxc3 13. bxc3 Nxe5 $17) 12... Bxd5) 12. f4 (12. Re1 $1 $18) 12... Nf6 (12... Bxh4 $2 13. Qh5 Nf6 14. Qxh4 $18) (12... Nxc3 $1 $14 13. bxc3 Bxc4 14. Nxc4 Qd5) 13. d5 (13. Bxe6 $18 fxe6 14. Ne4 $1) 13... Bc5+ $16 14. Kg2 Bf5 15. d6 (15. Kxg3 $2 Rg8+ 16. Kf3 Ng4 $19) (15. Bd3 $16 Qc8 16. Re1) 15... O-O $11 16. dxc7 (16. Kxg3 cxd6 17. Bd3 Qc8 18. Bxf5 Qxf5 $17) 16... Qxc7 {[%emt 0:00:02] Strongly threatening ...Nc6. The board is on fire.} 17. Kxg3 (17. Bd3 $11 Rd8 18. Qf3 Bxd3 19. cxd3 (19. Nxd3 Kh8 $11)) 17... Kh8 $1 $15 18. Nb5 (18. Nd5 $1 $11 Nxd5 19. Qxd5) 18... Qe7 $17 (18... Rg8+ 19. Kh2 Qe7 20. Nxf7+ (20. Bxf7 Ng4+ 21. Kg3 Nxe5+ 22. Bxg8 Qg7+ 23. Kh2 Ng4+ 24. Kh1 Be4+ 25. Rf3 Nf2+ 26. Kh2 Nxd1 27. Rg3 Qh6) 20... Kg7 21. Nfd6 $18) 19. Nxf7+ $2 (19. Nf3 $17 Nc6 20. b4) 19... Rxf7 $19 20. Bxf7 Ne4+ 21. Kf3 Qxf7 (21... Qxh4 $142 22. Nd4 Qh3+ 23. Ke2 Ng3+ 24. Kf2 Nxf1) 22. Qd8+ Bf8 $2 {[%emt 0:00:01] This pair of bishops is nice.} (22... Kg7 $19 {( -> ...Qh5+)} 23. Qc7 Nd7 24. Qxc5 Nexc5 25. Rg1+ Kf8) 23. Nc7 $2 (23. b3 $11 Kg7 24. Rg1+ (24. Nc7 $2 Qh5+ 25. Ke3 Bc5+ 26. Kd3 Nc6 $19) 24... Kh6 25. Ba3 Bxa3 26. Nxa3) 23... Nc6 24. Qd5 Qxd5 $2 (24... Qg6 {mates} 25. Qxf5 Qxf5 26. Ne6 Qh3+ 27. Kxe4 Qxe6+ 28. Kf3 Qh3+ 29. Ke2 Re8+ 30. Kf2 Bc5+ 31. Be3 Bxe3+ 32. Ke2 Bxf4+ 33. Kf2 Qg3#) 25. Nxd5 Nd4+ 26. Kg2 Bc5 (26... Nxc2 $2 27. Ne3 Nxa1 28. Nxf5 $19) 27. Be3 Rg8+ (27... Nxc2 28. Bxc5 Nxc5 29. Rac1 $19) 28. Kh2 Ne6 ({Stronger than} 28... Nxc2 29. Bxc5 Nxc5 30. Ne7 $15) (28... Rg4 $19 29. Bxd4+ Bxd4) 29. Bxc5 $11 N6xc5 30. Rg1 {[%emt 0:00:01] aiming for Rxg8+.} (30. Ne7 $5 Rf8 31. Nxf5 Rxf5 32. Rad1 $16) 30... Rd8 31. Ne7 Rd2+ (31... Be6 $15) 32. Rg2 $14 Rxg2+ 33. Kxg2 Nf6 $2 34. Rd1 $2 (34. Nxf5 $18 Kg8 35. Re1) 34... Be4+ 35. Kf2 Kg7 36. Rd8 (36. Ke3 {is interesting.} Ne6 37. f5 Kf7 38. Ng8) 36... Ne6 37. Ra8 a6 38. Rb8 (38. c4 $11 {remains equal.}) 38... Ng4+ ({Don't do} 38... Bxc2 39. Rxb7 Kf8 40. Nc6 $14) ({Much worse is} 38... Nxf4 $6 39. Nc8 $15) (38... Kf7 $1 $17 39. Nc8 Nd7) 39. Kg3 $11 Nf6 40. f5 Nc5 (40... Nh5+ {keeps more tension.} 41. Kf2 Kf6 42. Ke3 Bh1) 41. b4 (41. Rc8 $14 Ncd7 42. Rc7) 41... Na4 {[%emt 0:00:02][%mdl 1024] Black has compensation.} 42. c4 Nb6 {[%emt 0:00:03] Inhibits Nd5.} 43. Rd8 Nxc4 44. Kf4 Kf7 45. Nc8 (45. Ng8 $1 $11 {keeps the balance.} Nxg8 46. Kxe4) 45... Bc6 $1 $17 46. Nd6+ $2 (46. Na7 $15) 46... Nxd6 $2 ({Better is} 46... Ke7 $19 47. Nxc4 Kxd8) 47. Rxd6 $11 Ke7 48. Rd2 h6 49. Rg2 $2 Kf7 $2 (49... Bxg2 $19 50. Ke5 Bc6) 50. Re2 (50. Rg6 $14) 50... Nd5+ 51. Ke5 Nxb4 52. f6 $2 (52. Rd2 $11 {and White stays safe.}) 52... Nd3+ $1 $19 53. Kf5 Bd7+ 54. Ke4 {[%emt 0:00:02] [#]} Nc5+ (54... Kxf6 $1 $19 {...Bc6+ is the strong threat.} 55. Rd2 Bb5) 55. Ke5 Nd3+ (55... Bb5 $17 56. Rd2 Nd7+ 57. Kf5 Nf8) 56. Kd6 (56. Ke4 $1 $11 {and White has nothing to worry.}) 56... Bc6 57. Re3 $2 (57. Rd2 {was the only defense.} Ne1 58. Re2) 57... Nf4 58. Re7+ Kxf6 59. Rh7 Kg6 60. Re7 Ng2 61. Rc7 Nxh4 62. Re7 Nf5+ {[%emt 0:00:02] Black mates.} 63. Ke6 Nxe7 64. Kxe7 h5 {[%emt 0:00:00] A wild game.   Weighted Error Value: White=1.12/Black=0.75} 0-1

[Event "Romanian Team Blitz Women 2022"]
[Site "Sebes"]
[Date "2022.12.04"]
[Round "3.5"]
[White "Cosma, Elena-Luminita"]
[Black "Chicarosie, Ioana-Bianca"]
[Result "1-0"]
[ECO "E07"]
[WhiteElo "2244"]
[BlackElo "1815"]
[Annotator "TA"]
[PlyCount "53"]
[EventDate "2022.12.04"]
[EventType "blitz"]
[EventCountry "ROU"]
[SourceTitle "playchess.com"]
[Source "ChessBase"]
[SourceQuality "1"]
[TimeControl "180+2"]

1. d4 d5 2. Nf3 Nf6 3. g3 e6 4. Bg2 Be7 5. O-O O-O 6. c4 Nbd7 7. Nbd2 c5 8. cxd5 Nxd5 {[%emt 0:00:02] E07: Closed Catalan: Main Line (5 Nf3 0-0 6 0-0 Nbd7).} 9. Nc4 b5 {[%emt 0:00:36] Inhibits e4.} 10. Nce5 Bb7 {[%emt 0:00:01] Against Nc6. The position is equal.} 11. Nxd7 Qxd7 {[%emt 0:00:01] [#]} 12. Bg5 $146 ({Predecessor:} 12. dxc5 Bxc5 13. Ng5 Rfd8 14. Qc2 g6 15. Qxc5 {1-0 (15) Haselhorst,H (2089)-Greuter,T (1590) Neumarkt am Wallersee 2012}) 12... Bxg5 13. Nxg5 h6 14. Ne4 c4 (14... cxd4 $11 15. Rc1 Qe7) 15. Nc5 (15. a4 $16) 15... Qc7 $11 16. Nxb7 (16. a4 $14) 16... Qxb7 17. a4 a6 18. Qd2 Rfc8 19. e4 {[%emt 0:00:12][%cal Be2e4,Be4d5,Bd5d6][%mdl 32] Prevents b4.} Nf6 20. d5 exd5 21. exd5 {[%emt 0:00:05] [#] Black must now prevent d6.} Qd7 22. d6 {[%emt 0:00:10] Threatens to win with axb5.} Ra7 $2 {[%emt 0:00:01][%mdl 8192] Black cannot hold the game after this.} (22... Rab8 $11 {and Black stays safe.}) 23. Rfe1 Qd8 {[%emt 0:00:17] Prevents Re7.} (23... Qf5 24. axb5 Qxb5) 24. axb5 $18 {[%emt 0:00:03] White is clearly winning.} a5 (24... Qb6 $142 25. Qe3 (25. bxa6 Rxa6 26. Rxa6 Qxa6 $18) 25... Rb8 26. Qxb6 Rxb6) 25. Bc6 Nd7 26. Re7 Nb6 27. Rxa7 {[%emt 0:00:00] Weighted Error Value: White=0.28 (precise) /Black=0.76} 1-0

[Event "Romanian Team Blitz Women 2022"]
[Site "Sebes"]
[Date "2022.12.04"]
[Round "3.6"]
[White "Hoanca, Alexia-Ioana"]
[Black "Ciolacu, Alessia-Mihaela"]
[Result "1/2-1/2"]
[ECO "C26"]
[WhiteElo "1644"]
[BlackElo "2097"]
[Annotator "TA"]
[PlyCount "109"]
[EventDate "2022.12.04"]
[EventType "blitz"]
[EventCountry "ROU"]
[SourceTitle "playchess.com"]
[Source "ChessBase"]
[SourceQuality "1"]
[TimeControl "180+2"]

1. e4 e5 2. Nc3 Nf6 3. g3 d5 4. exd5 Nxd5 5. Bg2 Be6 6. Nf3 $1 {[%emt 0:00:08] C26: Vienna Game: 2...Nf6, sidelines .} Nxc3 7. bxc3 Nc6 8. O-O {[%emt 0:00:06] White is slightly better.} Be7 9. Re1 {[%emt 0:00:05] Against e4} f6 10. d4 O-O {[%emt 0:00:05] [#]} 11. a4 $146 (11. Qe2 $5 ) ({Predecessor:} 11. Be3 Qe8 12. Qb1 Rb8 13. Nxe5 fxe5 14. d5 Bf5 15. dxc6 bxc6 16. Qd1 Qg6 17. Bxa7 Bxc2 {0-1 (50) Golubev,M (2461)-Plotnikov,P (2297) Chess.com INT 2020}) 11... Qd7 12. Ba3 (12. dxe5 {feels hotter.} Qxd1 13. Rxd1 fxe5 14. Ng5) 12... Bxa3 13. Rxa3 Rad8 14. Ra1 exd4 15. cxd4 Bg4 16. c3 {[%emt 0:00:05] Qb3+ is the strong threat.} Kh8 17. Qb3 Na5 18. Qb5 Qf5 $2 (18... b6 $11) 19. Qxf5 $2 (19. h3 $1 $18 Qxb5 20. axb5 Bxf3 21. Bxf3 (21. Rxa5 Bxg2 22. Kxg2 Ra8 $16)) 19... Bxf5 $11 20. Re7 (20. d5 $5 ) 20... Rd7 21. Rae1 c6 22. Rxd7 (22. Nh4 $5 Rxe7 23. Rxe7 $14) 22... Bxd7 23. Re7 Bc8 (23... Rd8 $11 {keeps the balance.}) 24. Nd2 $16 Kg8 {[%emt 0:00:14] [#]} 25. Nf1 {[%emt 0:00:03] White is much more active.} (25. Ne4 $1 $16) 25... Nc4 26. Ne3 Nd6 27. Bf1 (27. d5 $11) 27... Rf7 $15 28. Rxf7 Kxf7 $11 {[%emt 0:00:01][%mdl 4096] Endgame KBN-KBN} 29. Nc4 Ke6 ({Don't do} 29... Ne4 30. f3 b5 31. fxe4 $16) 30. Nxd6 (30. f3 $15) 30... Kxd6 $15 {[%emt 0:00:01] KB-KB} 31. Bd3 g6 (31... c5 $17 {Threatens to win with ...cxd4.} 32. dxc5+ (32. Bxh7 cxd4 33. cxd4 Kd5 $17) 32... Kxc5) 32. a5 (32. Kf1 $1 $15) 32... b6 ({Black should play} 32... Bf5 $17 33. Be2 c5 34. dxc5+ Kxc5) 33. axb6 $11 axb6 34. Kf1 c5 35. dxc5+ Kxc5 36. Ke2 Bg4+ 37. f3 Be6 38. f4 Bc4 39. Kd2 Bxd3 40. Kxd3 {[%emt 0:00:01] KP-KP} b5 41. Kd2 Kc4 42. Kc2 h6 43. g4 f5 44. gxf5 gxf5 {[%emt 0:00:01] K3P-K3P} 45. h3 h5 46. h4 Kc5 (46... Kd5 $5 47. Kd3 $8 Kc6 $11) 47. Kd3 Kd5 48. Kd2 $2 {[%emt 0:00:04][%mdl 8192] [#]} (48. Ke3 $11) 48... Kc4 $2 (48... Ke4 {mates} 49. Kc2 Kxf4 50. Kb3 Kg3 51. Kb4 f4 52. Kxb5 f3 53. c4 f2 54. Kc6 f1=Q 55. c5 Kxh4 56. Kc7 Kg4 57. c6 Qb5 58. Kd6 h4 59. c7 Qf5 60. Kc6 Qc8 61. Kd6 h3 62. Ke5 h2 63. Kd6 h1=Q 64. Ke5 Qxc7+ 65. Kd4 Qd1+ 66. Ke4 Qf4#) 49. Kc2 {[%emt 0:00:01] The position is equal.} b4 50. cxb4 Kxb4 51. Kd3 {[%emt 0:00:05] White wants to mate with Kd4.} Kc5 52. Kc3 $1 Kd5 53. Kd3 Kc5 54. Kc3 $1 Kd5 {[%emt 0:00:01] ( -> ...Ke4)} 55. Kd3 {[%emt 0:00:10] Weighted Error Value: White=0.37/Black=0.33} 1/2-1/2

[Event "Romanian Team Blitz Women 2022"]
[Site "Sebes"]
[Date "2022.12.04"]
[Round "4.1"]
[White "Voicu-Jagodzinsky, Carmen"]
[Black "Bulmaga, Irina"]
[Result "0-1"]
[ECO "C54"]
[WhiteElo "2300"]
[BlackElo "2426"]
[Annotator "TA"]
[PlyCount "40"]
[EventDate "2022.12.04"]
[EventType "blitz"]
[EventCountry "ROU"]
[SourceTitle "playchess.com"]
[Source "ChessBase"]
[SourceQuality "1"]
[TimeControl "180+2"]

1. e4 e5 2. Nf3 Nc6 3. Bc4 Bc5 4. c3 Nf6 5. d3 a6 6. Bb3 h6 {[%emt 0:00:04] C54: Giuoco Piano: 4 c3 Nf6, main lines with 5 d4 and 5 d3.} 7. Nbd2 d6 8. h3 Ba7 {[%emt 0:00:04] The position is equal.} 9. Nf1 Be6 10. Bc2 d5 11. Qe2 dxe4 12. dxe4 Qe7 13. Ne3 Rd8 14. O-O O-O {[%emt 0:00:02] [#]} 15. Nf5 $146 (15. Nh4 $11) ({Predecessor:} 15. Nh2 Rfe8 16. Qf3 Qf8 17. Nf5 Nh7 18. h4 Ne7 19. h5 Nxf5 20. exf5 {0-1 (48) Komliakov,V (2460)-Frolov,D (2330) Seversk 1997}) 15... Bxf5 $17 16. exf5 e4 17. Nh2 Rfe8 $1 $36 {[%emt 0:00:07][%mdl 2048] Black has good play.} 18. Ng4 Nxg4 19. hxg4 {[%emt 0:00:22] [#]} (19. Qxg4 $11 {and White is okay.} e3 20. fxe3) 19... e3 $2 (19... Qh4 $1 $19 {And now ...Ne5 would win.} 20. f6 gxf6) 20. f4 {[%emt 0:00:15][%mdl 8192] [#] Prevents Ne5.} (20. Bxe3 $11 Bxe3 21. fxe3) 20... Rd2 $1 {[%emt 0:00:10][%mdl 512] Weighted Error Value: White=0.75/Black=0.29 (precise)} 0-1

[Event "Romanian Team Blitz Women 2022"]
[Site "Sebes"]
[Date "2022.12.04"]
[Round "4.2"]
[White "Cosma, Elena-Luminita"]
[Black "Visanescu, Daria-Ioana"]
[Result "1-0"]
[ECO "D34"]
[WhiteElo "2244"]
[BlackElo "2117"]
[Annotator "TA"]
[PlyCount "51"]
[EventDate "2022.12.04"]
[EventType "blitz"]
[EventCountry "ROU"]
[SourceTitle "playchess.com"]
[Source "ChessBase"]
[SourceQuality "1"]
[TimeControl "180+2"]

1. d4 d5 2. c4 e6 3. Nf3 c5 4. cxd5 exd5 5. g3 Nf6 6. Bg2 Nc6 7. O-O Be7 8. Nc3 Be6 9. dxc5 Bxc5 10. Bg5 Be7 11. Nd4 O-O 12. Rc1 h6 13. Bf4 {[%emt 0:00:26] D34: Tarrasch Defence: 6 g3 Nf6 7 Bg2 Be7.} Qb6 14. Nxc6 (14. Nxe6 $16 fxe6 15. Na4) 14... bxc6 $11 15. Na4 {[%emt 0:00:01] The position is equal.} Qb5 {[%emt 0:00:17] [#]} 16. Be3 $146 ({Predecessor:} 16. Qc2 Rac8 17. Nc3 Qa6 18. Rfd1 Rfd8 19. Bf1 Qa5 20. Qa4 Qb6 21. h3 c5 22. Qc2 d4 23. Na4 {0-1 (37) Weber,B (2094)-Dietzsch,H (2180) Dresden 2006}) 16... Ne4 17. a3 Rfc8 18. Bxe4 dxe4 19. Bc5 $2 {[%emt 0:00:04][%mdl 8192] [#]} (19. Qc2 $11 {and White has nothing to worry.}) 19... Bf6 $2 ({Black should play} 19... Bb3 $19 20. Nc3 Bxd1 21. Nxb5 cxb5 22. Rfxd1 Bxc5) 20. b4 $1 Rd8 21. Qc2 e3 22. Bxe3 Bh3 {[%emt 0:00:03] [#] A strong pair of Bishops.} (22... Bf5 $11 {keeps the balance.} 23. Nc3 Qe5) 23. Rfd1 ({But not} 23. Qxc6 Qxe2 24. Rfe1 Qd3 $15) (23. Rfe1 $1 $16) 23... Rdc8 (23... Rxd1+ $11 {remains equal.} 24. Qxd1 Rd8) 24. Nc5 Qb6 $2 (24... a5 $16) 25. Ne4 $18 Be7 $2 (25... c5 26. bxc5 (26. Nxc5 a5 $16) 26... Qb2 27. Nxf6+ Qxf6) 26. Bxb6 {[%emt 0:00:02] Quite a comeback for White.   Weighted Error Value: White=0.55/Black=0.99} 1-0

[Event "Romanian Team Blitz Women 2022"]
[Site "Sebes"]
[Date "2022.12.04"]
[Round "4.3"]
[White "Bucur, Denisa-Andreea"]
[Black "Ciolacu, Alessia-Mihaela"]
[Result "0-1"]
[ECO "D37"]
[WhiteElo "1953"]
[BlackElo "2097"]
[Annotator "TA"]
[PlyCount "56"]
[EventDate "2022.12.04"]
[EventType "blitz"]
[EventCountry "ROU"]
[SourceTitle "playchess.com"]
[Source "ChessBase"]
[SourceQuality "1"]
[TimeControl "180+2"]

1. d4 Nf6 2. Nf3 e6 3. c4 d5 4. Nc3 a6 5. cxd5 exd5 6. Bg5 {[%emt 0:00:01] D37: Queen's Gambit Declined: 5 Bf4.} Be6 7. e3 Nbd7 8. Bd3 {[%emt 0:00:04] White has an edge.} c6 9. O-O Bd6 10. Rb1 O-O {[%emt 0:00:09] [#]} 11. e4 $146 ({Predecessor:} 11. b4 b5 12. a4 h6 13. Bh4 Qe7 14. Qb3 Nb6 15. a5 Nc4 16. Rfe1 Bg4 17. Re2 {½-½ (66) Bharath,S (2479)-Sarana,A (2670) Chess.com INT 2022}) 11... dxe4 12. Nxe4 Be7 13. Qc2 (13. Nc3 $11) 13... h6 (13... Bxa2 $17 14. Rbe1 Bd5) 14. Bxf6 $15 Nxf6 15. b4 Bd5 16. Nxf6+ Bxf6 {[%emt 0:00:01] A strong pair of Bishops.} 17. Ne5 Re8 18. Rfe1 Qd6 (18... Bxe5 {simplifies} 19. dxe5 Qg5 20. Be4 Rxe5 21. Bxd5 Rxd5 22. Re3 Rad8) 19. f4 {[%emt 0:00:04] [#]} b5 ({Black should play} 19... Bxa2 $1 $17 20. Bh7+ Kh8 21. Qxa2 Qxd4+ 22. Kh1 Kxh7 23. Qxf7 Bxe5 24. fxe5 Rxe5 25. Rxe5 Qxe5 26. Qxb7 Qe4) 20. a3 $11 a5 21. Qc5 (21. bxa5 {simplifies} Bxe5 22. fxe5 Qd8 23. Bh7+) 21... Qd8 (21... Bxe5 $15 22. dxe5 Qxc5+ 23. bxc5 Reb8) 22. Bf5 (22. Nxc6 $11 {keeps the balance.} Bxc6 23. Qxc6) 22... axb4 $17 23. axb4 Ra2 24. Rbc1 $2 {[%emt 0:00:24][%mdl 8192] [#] This move loses the game for White.} (24. Nxc6 $17 Rxe1+ 25. Rxe1 Bxc6 26. Qxc6 Qxd4+ 27. Kh1) 24... Rxg2+ $19 25. Kf1 Bxe5 26. dxe5 Qh4 {[%emt 0:00:02] Black mates.} 27. Rc2 Qxh2 28. Rf2 Bc4+ {[%emt 0:00:02] Weighted Error Value: White=0.75/Black=0.56} 0-1

[Event "Romanian Team Blitz Women 2022"]
[Site "Sebes"]
[Date "2022.12.04"]
[Round "4.4"]
[White "Sariteanu, Sabina"]
[Black "Peptan, Corina-Isabela"]
[Result "1/2-1/2"]
[ECO "B21"]
[WhiteElo "1752"]
[BlackElo "2351"]
[Annotator "TA"]
[PlyCount "66"]
[EventDate "2022.12.04"]
[EventType "blitz"]
[EventCountry "ROU"]
[SourceTitle "playchess.com"]
[Source "ChessBase"]
[SourceQuality "1"]
[TimeControl "180+2"]

1. e4 c5 2. d4 cxd4 3. c3 d3 4. Bxd3 Nc6 5. c4 g6 6. Nf3 Bg7 7. O-O {[%emt 0:00:09] B21: Sicilian: 2 f4 and Morra Gambit.} d6 8. Qe2 Bg4 {[%emt 0:00:05] [#]} 9. Nbd2 $146 ({Predecessor:} 9. Rd1 Ne5 10. Nbd2 Nf6 11. h3 Bxf3 12. Nxf3 Nxf3+ 13. Qxf3 O-O 14. Qe2 Nd7 15. Be3 {1-0 (29) Sosa,T (2514)-Cappai,D (2217) Chess.com INT 2020}) 9... Ne5 10. Bc2 Rc8 (10... Qc7 $11) 11. Rb1 ({Better is} 11. h3 $14 Be6 12. Nxe5 Bxe5 13. Rb1) 11... Bxf3 ({Black should play} 11... Nf6 $11) 12. gxf3 (12. Ba4+ $14 {stays ahead.} Kf8 13. Nxf3) 12... Nf6 ({Black should try} 12... Bh6 $1 $17) 13. f4 $11 {[%emt 0:00:02] Against e6} Nc6 14. e5 {[%emt 0:00:06] Against b5} Nh5 15. Ne4 (15. Nf3 $1 $15) 15... dxe5 $17 16. Rd1 (16. fxe5 $17 O-O 17. Ng3 (17. Rd1 $2 Nd4 $17)) 16... Qc7 17. fxe5 Bxe5 18. Bh6 (18. Ng3 $17) 18... Bxh2+ $19 19. Kf1 Be5 (19... Bf4 $19 20. Ng5 Bxg5 21. Bxg5 h6) 20. Rd5 $2 (20. Qe3 $15) 20... Rd8 $2 (20... e6 $19 21. Rd2 Bf4 22. Bxf4 Qxf4 23. Nd6+ Kf8) 21. Rbd1 $36 {[%emt 0:00:10][%mdl 2048] aiming for Ba4. White has the initiative.} Rxd5 (21... Bxb2 $2 22. Rxd8+ (22. Nd6+ Rxd6 23. Rxd6 Bg7 $11) 22... Qxd8 23. Rxd8+ Kxd8 24. Ba4 $18) 22. cxd5 Nd4 23. Ba4+ {[%emt 0:00:01] This pair of bishops is nice.} Kd8 24. Qd3 {[%emt 0:00:27] Black must now prevent Rc1.} Nf5 $2 (24... Qa5 $11 {and Black has nothing to worry.} 25. Ng5 Qxa4 26. Nxf7+ Ke8 27. Nxe5 Qb5) 25. Rc1 $1 $18 Qb8 {[%emt 0:00:08][%cal Ob7b6] [#]} 26. Qb5 Qc8 (26... Qc7 27. Rxc7) 27. Rxc8+ Kxc8 {[%emt 0:00:00] [#]} 28. Qd7+ (28. Nc5 $142 $1 Nd6 29. Qd7+ Kb8 30. Qxe7 Ng3+ 31. fxg3 Bxg3 32. Nd7+ Kc7 33. Ne5+ Kb8 34. Nd7+ Kc8 35. Qe3) 28... Kb8 29. Be3 Rc8 {[%emt 0:00:04] [#] Against Bc6} 30. Nc5 (30. Bxa7+ $142 $1 Kxa7 31. Qxc8) 30... Nd6 {[%emt 0:00:04] [#]} (30... Nxe3+ $18 31. fxe3 Rxc5 32. Qxe7 Rc1+ 33. Kg2 Bxb2) 31. Na6+ $1 Ka8 {[%emt 0:00:01] [#]} 32. Nc7+ (32. Bc6 $142 $1 Rf8 (32... Rg8 33. Qc7) 33. Qc7 $1 Ng3+ 34. fxg3 Bxg3 35. Qb8+ $3 Rxb8 36. Nc7#) 32... Kb8 33. Na6+ Ka8 $1 {[%emt 0:00:13][%mdl 32832] Weighted Error Value: White=0.56/Black=1.05. An unexpected result.} 1/2-1/2

[Event "Romanian Team Blitz Women 2022"]
[Site "Sebes"]
[Date "2022.12.04"]
[Round "4.5"]
[White "Ionescu, Irina"]
[Black "Chicarosie, Ioana-Bianca"]
[Result "1-0"]
[ECO "C00"]
[WhiteElo "2119"]
[BlackElo "1815"]
[Annotator "TA"]
[PlyCount "59"]
[EventDate "2022.12.04"]
[EventType "blitz"]
[EventCountry "ROU"]
[SourceTitle "playchess.com"]
[Source "ChessBase"]
[SourceQuality "1"]
[TimeControl "180+2"]

1. e4 e6 2. d3 d5 3. Nd2 Nd7 4. g3 c5 5. Bg2 Ngf6 {[%emt 0:00:22] [#]} 6. Qe2 $146 {[%emt 0:00:07] C00: French: Unusual White 2nd moves.} ({Predecessor:} 6. Ngf3 Bd6 7. O-O O-O 8. Re1 Qc7 9. c3 e5 10. d4 cxd4 11. cxd4 exd4 12. Nxd4 dxe4 13. Nxe4 Nxe4 14. Rxe4 Qb6 15. Qb3 Qxb3 16. Nxb3 {½-½ (33) Perry,W-Catania,D (1720) ICCF email 2015}) 6... Qc7 (6... b5 $14) 7. exd5 $16 e5 (7... Nb6 $16) 8. Ngf3 {[%emt 0:00:22] White is clearly better.} Bd6 9. c4 O-O 10. O-O a6 11. Nh4 Nb6 12. Ne4 Nxe4 13. dxe4 ({Don't do} 13. Bxe4 f5) 13... Bd7 14. b3 Nc8 15. f4 Ne7 (15... f6 $142 16. Nf5 Bxf5) 16. fxe5 ({White should play} 16. f5 $18) 16... Bxe5 17. Bf4 Ng6 18. Bxe5 Nxe5 19. Nf3 b5 (19... Rfe8 $142) 20. Rad1 {[%emt 0:00:21] d6 is the strong threat.} Qd6 (20... Bg4 $16) 21. Nxe5 $18 Qxe5 22. d6 $2 {[%emt 0:00:06] [#]} (22. b4 $18) 22... Bc6 $2 {[%emt 0:00:05][%mdl 8192] Black cannot hold the game after this.} (22... Be6 $1 $11 {and Black is okay.}) 23. Rf5 Qe6 24. Rxc5 Rac8 25. Rh5 {[%emt 0:00:31][%cal Bc5h5,Bh5h4,Bh4c4][%mdl 32] [#] Black must now prevent Bh3.} g6 26. Rh4 bxc4 27. bxc4 {[%emt 0:00:08] Threatens to win with Bh3.} ({Resist} 27. Qxc4 $6 Qe5 28. Rf4 (28. Qxa6 Qc5+ 29. Kh1 Bb5 $16) 28... Bb5 $18) 27... Rfd8 (27... Qe5 {was necessary.} 28. Qe3 f6) 28. e5 Bxg2 29. Kxg2 ({Not} 29. Qxg2 Qxe5 30. Rhd4 Qc5 $16) 29... Qxc4 $2 (29... Rc6 $18 30. Rhd4 Rdc8) 30. Rxc4 {[%emt 0:00:02] Weighted Error Value: White=0.30/Black=0.74} 1-0

[Event "Romanian Team Blitz Women 2022"]
[Site "Sebes"]
[Date "2022.12.04"]
[Round "4.6"]
[White "Hoanca, Alexia-Ioana"]
[Black "Schiopu, Andreea-Alexandra"]
[Result "1-0"]
[ECO "B01"]
[WhiteElo "1644"]
[BlackElo "1716"]
[Annotator "NA RC COMBH"]
[PlyCount "65"]
[EventDate "2022.12.04"]
[EventType "blitz"]
[EventCountry "ROU"]
[SourceTitle "playchess.com"]
[Source "ChessBase"]
[SourceQuality "1"]
[TimeControl "180+2"]

1. e4 d5 2. exd5 Qxd5 3. Nc3 Qa5 4. d4 c6 5. Nf3 Nf6 6. h3 Bf5 7. Bc4 e6 8. Bd2 Qc7 9. g4 Bg6 10. h4 Nxg4 11. h5 Bf5 12. Nh4 Nd7 13. Nxf5 exf5 14. Qf3 O-O-O 15. O-O-O g6 16. Bxf7 Bh6 17. Bxh6 Nxh6 18. hxg6 Nxf7 19. gxf7 Rdf8 20. Qxf5 Kb8 21. d5 Nb6 22. Rxh7 Rxh7 23. Qxh7 Qf4+ 24. Kb1 Qxf2 25. dxc6 bxc6 26. Qg6 Qf3 27. Qd6+ Kb7 28. Qxf8 Nc4 29. Qe7+ Kb6 30. Qd8+ Kb7 31. f8=Q Nd2+ 32. Rxd2 Qxf8 33. Qxf8 1-0